AoeStats
← UPHARSIN

Arabia

510181069Analyzed
1v1 RM · 3d ago on Sep 29, 2026· 17m 39s· 2 players
Game mode
Random Map
Map size
Tiny (2 player)
Population
200
Speed
Normal
Resources
Standard
Victory
Conquest
Starting age
Dark Age
Ending age
Imperial Age
RankedLock teamsTeams togetherTeam positionsShared explorationLock speedFull tech treeHidden civsTurbo modeCheats
Victory
Defeat
🇪🇸 Byzantines · Spain
1307
+19
🇨🇦 Bulgarians · Canada
1366
-19
UPHARSIN
6:16 Loom
8:55 Feudal Age
9:47 Double-Bit Axe
9:43 Horse Collar
19:23 Castle Age
18:11 Scale Barding Armor
18:16 Forging
TdB.LinzE
6:21 Loom
9:19 Feudal Age
11:04 Double-Bit Axe
12:23 Horse Collar
17:31 Fletching
Connection lost

Rejoining the realm…

Still unreachable

The connection could not be restored.

Session expired

The server has moved on; the page needs a fresh start.